 Dungeon Crawl Stone Soup version 0.27-a0-652-g2d5cf1dcd3 (webtiles) character file.

Game seed: 3740843463841803759

2285 Jerej03 the Cleaver (level 9, -8/78 HPs)
             Began as a Yellow Draconian Berserker on Mar 16, 2021.
             Was a Priest of Trog.
             Killed from afar by an electric eel (13 damage)
             ... with a bolt of electricity
             ... on level 7 of the Dungeon.
             The game lasted 00:21:33 (7397 turns).

Jerej03 the Cleaver (Yellow Draconian Berserker)    Turns: 7397, Time: 00:21:34

Health: -8/78      AC:  8    Str: 22    XL:     9   Next: 17%
Magic:  9/9        EV: 13    Int:  8    God:    Trog [***...]
Gold:   313        SH:  0    Dex: 11    Spells: 8/8 levels left

rFire    . . .     SeeInvis +   l - +2 hand axe (vorpal)
rCold    . . .     Faith    .   (no shield)
rNeg     . . .     Spirit   .   (armour unavailable)
rPois    .         Reflect  .   (helmet restricted)
rElec    .         Harm     .   (no cloak)
rCorr    +         Rampage  .   (no gloves)
Will     +++..                  d - +0 pair of boots
Stlth    ++........             (no amulet)
HPRegen  1.23/turn              i - ring of willpower
MPRegen  0.11/turn              A - ring of see invisible

@: regenerating
A: spit acid, AC +7, unfitting armour, cold-blooded, acid resistance
a: Breathe Acid, Renounce Religion, Berserk, Trog's Hand


You were on level 7 of the Dungeon.
You worshipped Trog.
Trog was most pleased with you.
You visited 1 branch of the dungeon, and saw 7 of its levels.
You also visited: Ossuary.

You collected 313 gold pieces.

Inventory:

Hand Weapons
 e - the +7 falchion "Tattletale" {pain, +Rage rF++}
   (You found it on level 6 of the Dungeon)

   In the hands of one skilled in necromantic magic, it inflicts extra damage on
   living creatures.
   It greatly protects you from fire.
   It lets you go berserk.
   Trog disapproves of the use of such an item.
 l - a +2 vorpal hand axe (weapon)
 x - a +0 whip of flaming
Armour
 d - a +0 pair of boots (worn)
 B - a +1 ring mail of cold resistance
Jewellery
 i - a ring of willpower (right hand)
 k - a ring of protection from fire
 y - a ring of protection from fire
 A - a ring of see invisible (left hand)
Wands
 w - a wand of paralysis (7)
 z - a wand of flame (15)
Scrolls
 g - a scroll of enchant weapon {unknown}
 h - 5 scrolls of amnesia
 j - 4 scrolls of blinking
 m - 2 scrolls of magic mapping
 n - 2 scrolls of fear
 p - 2 scrolls of noise {unknown}
 r - 2 scrolls of immolation {unknown}
 s - a scroll of silence {unknown}
 t - 3 scrolls of teleportation {unknown}
Potions
 a - 3 potions of heal wounds
 b - 4 potions of lignification
 c - 4 potions of curing
 f - 3 potions of haste
 o - a potion of attraction {unknown}
 q - 2 potions of flight {unknown}
 u - 2 potions of degeneration {unknown}
 v - a potion of might {unknown}


   Skills:
 + Level 6.6 Fighting
 + Level 3.5 Short Blades
 + Level 8.6 Axes
 + Level 5.8 Dodging
 + Level 3.1 Stealth


You had 8 spell levels left.
You didn't know any spells.
Your spell library contained the following spells:

 Spells                   Type           Power      Damage    Failure   Level
 Magic Dart               Conj           0%         1d3       41%         1
 Blink                    Tloc           N/A        N/A       54%         2
 Call Imp                 Summ           0%         N/A       54%         2
 Slow                     Hex            0%         N/A       54%         2
 Conjure Flame            Conj/Fire      0%         6-21      78%         3
 Mephitic Cloud           Conj/Pois/Air  0%         N/A       78%         3


Dungeon Overview and Level Annotations

Branches:
Dungeon (7/15)            Ossuary (visited)
 Temple: D:4-7

Altars:
Ashenzari
Cheibriados
Gozag
Hepliaklqana
Makhleb
Okawaru
Sif Muna
Trog
Uskayaw
Wu Jian
Yredelemnul
Zin


Innate Abilities, Weirdness & Mutations

You can spit globs of acid.
Your golden yellow scales are hard. (AC +7)
You cannot fit into any form of body armour.
You are cold-blooded and may be slowed by cold attacks.
You are resistant to acid. (rCorr)


Message History

You kill the iguana!
Trog accepts your kill.
No target in view!
You open the door.
An electric eel comes into view.
Found a paperback book.
An electric eel is nearby!
No reachable target in view!
No reachable target in view!
No reachable target in view!
No reachable target in view!
An electric eel is nearby!
There is an open door here.
The electric eel shoots out a bolt of lightning at you!
The bolt of electricity hits you. The bolt of electricity hits you!
The electric eel shoots out a bolt of lightning at you!
The bolt of electricity hits you! x2
The electric eel shoots out a bolt of lightning at you!
The bolt of electricity misses you.
The electric eel shoots out a bolt of lightning at you!
The bolt of electricity hits you! x2
Your skin crawls.
You feel strong-willed.
You can no longer call in reinforcements.
Okay, then.
The electric eel shoots out a bolt of lightning at you!
The bolt of electricity hits you!
* * * LOW HITPOINT WARNING * * *
The bolt of electricity hits you!
* * * LOW HITPOINT WARNING * * *
The electric eel shoots out a bolt of lightning at you!
The bolt of electricity hits you.
* * * LOW HITPOINT WARNING * * *
The bolt of electricity misses you.
The electric eel shoots out a bolt of lightning at you!
The bolt of electricity hits you!
* * * LOW HITPOINT WARNING * * *
The electric eel shoots out a bolt of lightning at you!
The bolt of electricity hits you!
You die...

#..≈......≈..#
#..≈.≈≈≈≈.≈..#
#..≈.≈♣:≈.≈..#
#..≈.≈;.≈.≈..#
#..≈....≈.≈..#
#..≈≈≈≈≈≈.≈..#
#.........≈..#
#.........@..#
###########'##
.#######...####.#
..................
##..#######...#######
). ##..# #.. ##.# #..
### #.#
#..###.#####.#


You could see an electric eel.

Vanquished Creatures
  Pikel (D:5)
  A wraith (Ossuary)
  Menkaure (D:5)
  An ice beast (D:6)
  A sky beast (D:5)
  An ogre (D:4)
  A centaur (D:6)
  A phantom (D:4)
  A bullfrog (D:6)
  3 scorpions
  3 wights (D:6)
  2 howler monkeys (D:5)
  4 orc priests
  2 centaur zombies (D:6)
  A hound (D:5)
  A jelly (D:5)
  3 iguanas
  2 orc wizards
  5 worker ants
  2 hound zombies (D:5)
  4 mummies
  2 adders
  2 shadow imps
  2 white imps (D:5)
  3 oozes
  An adder skeleton (D:4)
  7 worms
  2 dart slugs
  4 leopard geckos
  11 orcs
  A ball python (D:2)
  8 bats
  4 giant cockroaches
  2 gnoll zombies (D:2)
  8 goblins
  9 hobgoblins
  6 jackals
  4 quokkas
  5 frilled lizards
  4 goblin zombies (Ossuary)
  5 hobgoblin zombies (Ossuary)
  9 kobolds
  4 kobold zombies (Ossuary)
  A leopard gecko skeleton (D:5)
  A leopard gecko zombie (D:6)
  2 quokka zombies
  7 rats
155 creatures vanquished.

Notes
Turn   | Place    | Note
-------+----------+-------------------------------------------
     0 | D:1      | Jerej03 the Draconian Berserker began the quest for the
                  | Orb.
     0 | D:1      | Reached XP level 1. HP: 19/19 MP: 1/1
   407 | D:1      | Reached XP level 2. HP: 16/26 MP: 2/2
  1282 | D:2      | Reached XP level 3. HP: 33/33 MP: 3/3
  1313 | D:2      | Reached ** piety under Trog
  1648 | D:2      | Reached skill level 1 in Axes
  1850 | D:2      | Reached XP level 4. HP: 29/40 MP: 4/4
  2124 | D:2      | Found a basalt altar of Yredelemnul.
  2736 | D:3      | Found a faded altar of an unknown god.
  2839 | D:3      | Reached skill level 2 in Axes
  2841 | D:3      | Reached XP level 5. HP: 40/46 MP: 5/5
  3223 | D:4      | Found a broken altar of Ashenzari.
  3310 | D:4      | Noticed a phantom
  3321 | D:4      | Killed a phantom
  3322 | D:4      | Reached skill level 3 in Axes
  3462 | D:4      | Reached skill level 1 in Stealth
  3465 | D:4      | Reached XP level 6. HP: 41/52 MP: 6/6
  3613 | D:4      | Found a sand-covered staircase.
  3621 | D:4      | Reached *** piety under Trog
  3625 | Ossuary  | Entered an ossuary
  3625 | Ossuary  | Noticed a wraith
  3625 | Ossuary  | Noticed a wraith
  3625 | Ossuary  | Noticed a wraith
  3858 | Ossuary  | Noticed a wraith
  3871 | Ossuary  | Killed a wraith
  3872 | Ossuary  | Reached skill level 4 in Axes
  4265 | D:4      | Found a hide-covered altar of Uskayaw.
  4285 | D:4      | Your scales start taking on a golden yellow colour.
  4285 | D:4      | Reached XP level 7. HP: 38/60 MP: 7/7
  4285 | D:4      | Gained mutation: You are resistant to acid. (rCorr) [Yellow
                  | Draconian growth]
  4432 | D:4      | Found a hazy altar of Hepliaklqana.
  4477 | D:4      | Found a shimmering blue altar of Sif Muna.
  4532 | D:4      | Reached skill level 5 in Axes
  4671 | D:4      | Found an iron altar of Okawaru.
  4747 | D:4      | Found a snail-covered altar of Cheibriados.
  4836 | D:5      | Entered Level 5 of the Dungeon
  4836 | D:5      | Noticed Pikel
  4843 | D:5      | Reached skill level 5 in Fighting
  5003 | D:5      | Reached skill level 6 in Axes
  5005 | D:5      | Noticed Menkaure
  5023 | D:5      | Killed Menkaure
  5024 | D:5      | Reached XP level 8. HP: 33/69 MP: 8/8
  5420 | D:5      | Found a glowing silver altar of Zin.
  5428 | D:5      | Found an opulent altar of Gozag.
  5481 | D:5      | Reached skill level 5 in Dodging
  5667 | D:5      | Killed Pikel
  5668 | D:5      | Reached skill level 7 in Axes
  6167 | D:6      | Reached skill level 8 in Axes
  6247 | D:6      | Reached **** piety under Trog
  6336 | D:6      | Reached XP level 9. HP: 26/77 MP: 9/9
  6985 | D:6      | Found a burning altar of Makhleb.
  7024 | D:6      | Noticed a moth of wrath
  7027 | D:6      | Found a bloodstained altar of Trog.
  7055 | D:6      | Identified the +7 falchion "Tattletale" {pain, +Rage rF++}
  7155 | D:6      | Found an ornate altar of the Wu Jian Council.
  7395 | D:7      | HP: 2/78 [electric eel/bolt of electricity (7)]
  7397 | D:7      | Killed from afar by an electric eel

Illustrated notes

Levels and vault maps discovered:
D:1:      wheals_arrival_linesprint, layout_basic
D:2:      layout_rooms, lemuel_zombie_altar_yredelemnul, roderic_lattice_a,
          solitary_fountain
D:3:      layout_loops_ring, chequers_ecumenical_altar_simple_redux,
          serial_park_tiny_pond
D:4:      layout_loops_cross, nicolae_overflow_hidden_temple,
          kennysheep_little_box, nicolae_hepliaklqana_hippocampus,
          overflow_temple_1_default, lemuel_blue_sif_altar,
          evilmike_ruin_ashenzari, gup_ossuary_entry_pyramid,
          amcnicky_mini_rare_corridor_liquid, hex_tiny
D:5:      layout_basic, grunt_temple_overflow_gold_and_silver, uniq_menkaure,
          uniq_pikel
D:6:      layout_rooms, lemuel_crystal_altar, nzn_wu_jian_contemplation,
          tgw_trog
D:7:      layout_loops_ring, minmay_temple_entry_poolview,
          kennysheep_small_spiral, kennysheep_dice

Skill      XL: |  1  2  3  4  5  6  7  8 |
---------------+-------------------------+-----
Dodging        | 3 4 5 |  5.8
Axes           | 1 2 3 4 6 8 |  8.6
Fighting       | 4 5 6 |  6.6
Stealth        | 1 2 3 |  3.1
Short Blades   | |  3.5

Action                   |  1- 3 |  4- 6 |  7- 9 || total
-------------------------+-------+-------+-------++-------
Melee: Short sword       |    60 |       |       ||    60
       Tailslap          |    15 |    23 |    19 ||    57
       Hand axe          |    51 |   171 |   202 ||   424
Invok: Trog's Hand       |       |     3 |     3 ||     6
       Berserk           |       |     2 |     3 ||     5
 Abil: Breathe Acid      |       |       |     1 ||     1
  Use: Potion            |       |     2 |       ||     2
       Scroll            |       |       |     7 ||     7
 Stab: Sleeping          |     1 |     2 |     3 ||     6
Armor: Skin              |    50 |    32 |    61 ||   143
Dodge: Dodged            |    88 |    94 |   120 ||   302

Table legend: (Time is in decaauts)
 A = Elapsed time spent in this place.
 B = Non-inter-level travel time spent in this place.
 C = Inter-level travel time spent in this place.
 D = Time resting spent in this place.
 E = Time spent auto-exploring this place.
 F = Levels seen in this place.
 G = Mean time per level.
                   A        B        C        D        E       F      G
               +--------+--------+--------+--------+--------+-----+--------+
         Total |   7498 |   7358 |    140 |    430 |   5540 |   8 |  937.2 |
       Dungeon |   6829 |   6689 |    140 |    430 |   5033 |   7 |  975.6 |
       Ossuary |    669 |    669 |      0 |      0 |    506 |   1 |  669.0 |
               +--------+--------+--------+--------+--------+-----+--------+

Top non-repeatable levels by time:
     D:6: 1309 daAuts
     D:1: 1270 daAuts
     D:2: 1106 daAuts
     D:5: 1079 daAuts
     D:4: 1005 daAuts
     D:3: 868 daAuts
 Ossuary: 669 daAuts
     D:7: 190 daAuts
